 Dungeon Crawl Stone Soup version 0.26.0-8-g74fc34ddfb (webtiles) character file.

Game seed: 17845891073796212728

654 Gauvater the Covered (level 7, -6/54 HPs)
             Began as a Formicid Fighter on Jan 12, 2021.
             Blown up by Ijyb (25 damage)
             ... with a disintegration bolt
             ... on level 5 of the Dungeon.
             The game lasted 00:10:06 (4082 turns).

Gauvater the Covered (Formicid Fighter)             Turns: 4082, Time: 00:10:07

Health: -6/54      AC:  7    Str: 23    XL:     7   Next: 84%
Magic:  7/7        EV:  9    Int:  7    God:
Gold:   185        SH: 10    Dex: 10    Spells: 6/6 levels left

rFire    . . .     SeeInvis +   a - +0 war axe
rCold    . . .     Faith    .   c - +0 kite shield
rNeg     . . .     Spirit   .   b - +0 scale mail
rPois    .         Reflect  .   (helmet unavailable)
rElec    .         Harm     .   (no cloak)
rCorr    .         Rampage  .   (no gloves)
Will     .....                  (no boots)
Stlth    ..........             (no amulet)
HPRegen  0.18/turn              m - ring of see invisible
MPRegen  0.10/turn              (no ring)

@: flying
A: permanent stasis, dig shafts and tunnels, four strong arms, antennae 3
a: Dig, Shaft Self


You were on level 5 of the Dungeon.
You visited 1 branch of the dungeon, and saw 5 of its levels.

You collected 185 gold pieces.

Inventory:

Hand Weapons
 a - a +0 war axe (weapon)
 f - a +3 dagger
Missiles
 d - 2 curare-tipped darts
 e - 225 stones
 j - 14 bolts
 l - 54 arrows
 o - 2 atropa-tipped darts
 q - 34 sling bullets
Armour
 b - a +0 scale mail (worn)
 c - a +0 kite shield (worn)
Magical Staves
 w - an uncursed staff of cold {unknown}
Jewellery
 m - a ring of see invisible (left hand)
Wands
 x - a wand of paralysis (5)
Scrolls
 i - a scroll of remove curse {unknown}
 k - 2 scrolls of enchant weapon {unknown}
 n - a scroll of blinking {unknown}
 r - 3 scrolls of teleportation {unknown}
 s - 4 scrolls of identify {unknown}
 u - a scroll of amnesia {unknown}
 v - a scroll of immolation {unknown}
Potions
 p - a potion of brilliance {unknown}
 t - a potion of magic {unknown}


   Skills:
 + Level 4.2 Fighting
 + Level 5.1 Axes
 + Level 5.2 Armour
 + Level 2.6 Dodging
 + Level 0.7 Stealth
 + Level 5.0 Shields


You had 6 spell levels left.
You didn't know any spells.
Your spell library was empty.

Dungeon Overview and Level Annotations

Branches:
Dungeon (5/15)             Temple (0/1) D:4

Altars:
Dithmenos
Fedhas
Hepliaklqana
Kikubaaqudgha
Qazlal
Ru
Zin

Annotations:
D:3 1 runed translucent door, Crazy Yiuf
D:5 Ijyb


Innate Abilities, Weirdness & Mutations

You cannot be hasted, slowed, berserked, paralysed or teleported.
You can dig through walls and to a lower floor.
Your four strong arms can wield two-handed weapons with a shield.
You have a pair of large antennae on your head. (SInv)


Message History

Ijyb closely misses you.
Ijyb zaps a wand.
You are blasted!
* * * LOW HITPOINT WARNING * * *
You hit Ijyb but do no damage.
Ijyb is moderately wounded.
Ijyb misses you.
You hit Ijyb.
Ijyb is moderately wounded.
You feel sick.
You are no longer poisoned.
You block Ijyb's attack.
It was a potion of flight.
You feel very buoyant.
You fly up into the air.
Ijyb hits you but does no damage.
It was a potion of curing.
You feel better. Ijyb hits you.
You hit Ijyb.
Ijyb is moderately wounded.
Ijyb zaps a wand.
You struggle to resist.
Ijyb screams, "No!
No, no, no, no!"
Ijyb zaps a wand.
You are blasted!
You die...

#################
#....)).........#
#..##.)##..##...# #
##....####..# . .
##..## ##..# .... #..#
##...#
.....###†.###....#
#..g@......#..#
#..........#..#
.....###..###....#
.... #..# ##...# #..
##..## ##..# ##.
##....####..#
#..##..##..##...# ...
##...............#
...##..#.##...######.#


You could see Ijyb.

Vanquished Creatures
  Grinder (D:3)
  Sigmund (D:3)
  An orc priest (D:3)
  An iguana (D:4)
  2 worker ants
  2 orc wizards
  5 adders
  2 oozes
  A dart slug (D:1)
  2 worms
  5 leopard geckos
  13 orcs
  2 ball pythons (D:4)
  2 giant cockroaches
  12 goblins
  7 hobgoblins
  7 kobolds
  2 quokkas
  4 bats
  5 frilled lizards
  4 rats
81 creatures vanquished.

Vanquished Creatures (others)
  2 plants (D:4)
2 creatures vanquished.

Grand Total: 83 creatures vanquished

Notes
Turn   | Place    | Note
-------+----------+-------------------------------------------
     0 | D:1      | Gauvater the Formicid Fighter began the quest for the Orb.
     0 | D:1      | Reached XP level 1. HP: 18/18 MP: 1/1
   147 | D:1      | Reached XP level 2. HP: 24/24 MP: 2/2
   352 | D:1      | Reached XP level 3. HP: 28/29 MP: 3/3
  1063 | D:2      | Found a shadowy altar of Dithmenos.
  1232 | D:2      | Reached XP level 4. HP: 34/35 MP: 4/4
  1548 | D:2      | Reached skill level 1 in Dodging
  1595 | D:2      | Reached XP level 5. HP: 41/41 MP: 5/5
  1690 | D:3      | Noticed Sigmund
  1725 | D:3      | Killed Sigmund
  1726 | D:3      | Reached XP level 6. HP: 30/48 MP: 6/6
  1903 | D:3      | Noticed Grinder
  1923 | D:3      | Killed Grinder
  1924 | D:3      | Reached skill level 5 in Armour
  1924 | D:3      | Reached XP level 7. HP: 11/54 MP: 7/7
  2791 | D:3      | Found a runed translucent door.
  2792 | D:3      | Noticed Crazy Yiuf
  3276 | D:4      | Found a glowing silver altar of Zin.
  3301 | D:4      | Found a sacrificial altar of Ru.
  3381 | D:4      | Found a blossoming altar of Fedhas.
  3393 | D:4      | Reached skill level 5 in Axes
  3396 | D:4      | Found a stormy altar of Qazlal.
  3565 | D:4      | Found a hazy altar of Hepliaklqana.
  3790 | D:4      | Found a staircase to the Ecumenical Temple.
  3893 | D:4      | Found an ancient bone altar of Kikubaaqudgha.
  3963 | D:5      | Entered Level 5 of the Dungeon
  4042 | D:5      | Reached skill level 5 in Shields
  4072 | D:5      | Noticed Ijyb
  4082 | D:5      | Blown up by Ijyb

Illustrated notes

Levels and vault maps discovered:
D:1:      dpeg_arrival_arbitrary_a, layout_basic,
          chequers_serial_rivers_micro_d, st_stairs_7, item_on_display_a
D:2:      wander_river, layout_basic, nicolae_overflow_crystal_walls,
          minmay_crystal_room
D:3:      layout_loops_ring, uniq_grinder, uniq_crazy_yiuf_cottage, uniq_sigmund
D:4:      layout_loops_corners, grunt_temple_overflow_forces_of_nature,
          nzn_hepliaklqana_mist_gate, gammafunk_temple_overflow_forgotten,
          minmay_temple_entry_enclosed_plants, corexii_corridor_pit,
          lemuel_statue_altar
D:5:      layout_cave_pools, palyth_stone_intersect, uniq_ijyb

Skill      XL: |  1  2  3  4  5  6  7 |
---------------+----------------------+-----
Shields        | 4 5 |  5.0
Armour         | 4 5 |  5.2
Dodging        | 1 2 |  2.6
Axes           | 4 5 |  5.1
Fighting       | 4 |  4.2
Stealth        | |  0.7

Action                   |  1- 3 |  4- 6 |  7- 9 || total
-------------------------+-------+-------+-------++-------
Melee: War axe           |    85 |    71 |   107 ||   263
 Abil: Dig               |     3 |       |     1 ||     4
  Use: Potion            |       |     4 |     2 ||     6
Armor: Scale mail        |    38 |    27 |    31 ||    96
Dodge: Dodged            |    28 |    26 |    33 ||    87
Block: Kite shield       |    53 |    42 |    67 ||   162
